 Dungeon Crawl Stone Soup version 0.24.0-13-gcf9b319 (webtiles) character file.

Game seed: 14311367493028360480, levelgen mode: deterministic

15610 Fang the Fighter (level 12, -3/120 HPs)
             Began as a Gargoyle Fighter on Dec 17, 2019.
             Was an Elder of Trog.
             Slain by a 15-headed hydra (5 damage)
             ... on level 3 of the Lair of Beasts.
             The game lasted 00:12:32 (11281 turns).

Fang the Fighter (Gargoyle Fighter)                Turns: 11281, Time: 00:12:32

Health: -3/120     AC: 25    Str: 29    XL:     12   Next: 28%
Magic:  12/12      EV:  7    Int: 10    God:    Trog [****..]
Gold:   402        SH: 14    Dex:  9    Spells: 11/11 levels left

rFire    + . .     SeeInvis .   a - +1 war axe
rCold    + . .     Gourm    .   B - +1 shield
rNeg     + . .     Faith    .   b - +2 plate armour {rC+}
rPois    ∞         Spirit   .   (no helmet)
rElec    +         Reflect  .   (no cloak)
rCorr    .         Harm     .   (no gloves)
MR       .....                  (no boots)
Stlth    ..........             u - amulet of regeneration
HPRegen  0.70/turn              y - ring of protection from fire
MPRegen  0.13/turn              (no ring)

@: berserking, very quick
A: negative energy resistance 1, electricity resistance, unbreathing,
petrification resistance, rot immunity, AC +8
a: Berserk, Trog's Hand, Brothers in Arms, Renounce Religion


You were on level 3 of the Lair of Beasts.
You worshipped Trog.
Trog was greatly pleased with you.
You were very hungry.

You visited 3 branches of the dungeon, and saw 14 of its levels.

You collected 792 gold pieces.
You spent 390 gold pieces at shops.

Inventory:

Hand Weapons
 a - a +1 war axe (weapon)
Armour
 b - a +2 plate armour of cold resistance (worn)
 B - a +1 shield (worn)
Jewellery
 j - an uncursed amulet of guardian spirit
 u - an amulet of regeneration (around neck)
 x - an uncursed amulet of the gourmand
 y - a ring of protection from fire (left hand)
Wands
 g - a wand of iceblast (10)
 m - a wand of scattershot (5)
 r - a wand of paralysis (6)
 v - a wand of disintegration (26)
 w - a wand of random effects (14)
 A - a wand of flame (19)
Scrolls
 e - 6 scrolls of remove curse
 p - 2 scrolls of magic mapping
 t - 4 scrolls of teleportation
 D - a scroll of fog
 F - a scroll of identify
Potions
 d - 4 potions of might
 f - a potion of invisibility {unknown}
 h - 2 potions of heal wounds
 k - 2 potions of resistance
 l - 6 potions of mutation
 n - 4 potions of haste
 o - a potion of cancellation
 q - 2 potions of ambrosia {unknown}
 s - a potion of magic {unknown}
 z - a potion of flight {unknown}
 C - 3 potions of curing {unknown}
Comestibles
 c - 32 rations


   Skills:
 + Level 11.2 Fighting
 + Level 9.3 Axes
 + Level 11.2 Armour
 + Level 11.2 Shields


You had 11 spell levels left.
You didn't know any spells.
Your spell library was empty.

Dungeon Overview and Level Annotations

Branches:
Dungeon (10/15)            Temple (1/1) D:4            Lair (3/6) D:9
  Snake (0/4) Lair:2          Orc (0/2) D:9
  Swamp: Lair:2-4    Shoals: Lair:2-4

Altars:
Ashenzari
Cheibriados
Dithmenos
Fedhas
Hepliaklqana
Kikubaaqudgha
Makhleb
Okawaru
Sif Muna
Trog
Uskayaw
Vehumet
Wu Jian

Shops:
D:9 ([=

Annotations:
D:5 2 runed translucent doors, Aeroq's ghost, novice DrCj
Lair:2 exclusion: oklob plant
Lair:3 Gastronok


Innate Abilities, Weirdness & Mutations

You are resistant to torment.
Your stone body is resilient. (AC +8)
You are immune to poison.
You resist negative energy. (rN+)
You are resistant to electric shocks. (rElec)
You can survive without breathing.
You are immune to petrification.
You are immune to rotting.


Message History

The 15-headed hydra is lightly wounded.
You block the 15-headed hydra's attack. The 15-headed hydra closely misses you.
The 15-headed hydra bites you but does no damage.
The 15-headed hydra completely misses you. x2
The 15-headed hydra bites you.
* * * LOW HITPOINT WARNING * * *
The 15-headed hydra bites you but does no damage. x4
The 15-headed hydra bites you.
* * * LOW HITPOINT WARNING * * *
The 15-headed hydra bites you but does no damage. x2
The 15-headed hydra bites you.
* * * LOW HITPOINT WARNING * * *
The 15-headed hydra bites you but does no damage.
Your plate armour prevents you from hitting the 15-headed hydra.
The 15-headed hydra is lightly wounded.
The 15-headed hydra bites you!
* * * LOW HITPOINT WARNING * * *
The 15-headed hydra bites you but does no damage.
The 15-headed hydra bites you.
You die...

#....P#
#..w.. #.....
#####....##
.#PPPP....P##
...P.......P#
..P....†D..##
........@§.P#
..........P##
.......<..##
..........#
...........#
.P.#.#....##
.# ###....P
#....P#
......#


You could see Gastronok and a 15-headed hydra.

Vanquished Creatures
  2 hydras
  3 death yaks
  A cyclops (D:7)
  A black mamba (Lair:1)
  A gargoyle (D:6)
  5 spiny frogs
  A komodo dragon (Lair:2)
  A queen bee (Lair:2)
  2 hippogriffs
  Prince Ribbit (D:8)
  Sigmund (D:6)
  2 dream sheep (D:9)
  7 yaks
  A hungry ghost (D:9)
  Grum (Lair:1)
  2 basilisks (Lair:1)
  4 nagas (Lair:2)
  2 water moccasins
  Duvessa (D:6)
  7 porcupines
  2 orc warriors (D:9)
  2 sky beasts
  A hornet zombie (D:9)
  An ice beast (D:8)
  A phantom (D:7)
  2 wolves (Lair:1)
  A centaur (D:6)
  5 ogres
  3 crocodiles
  5 big kobolds
  13 bullfrogs
  A water moccasin zombie (D:5)
  Dowan (D:6)
  4 scorpions
  24 killer bees (Lair:2)
  4 wights (D:9)
  2 howler monkeys
  3 electric eels (Lair:2)
  3 crimson imps
  3 hounds
  4 jellies
  7 orc priests
  6 worker ants
  Natasha (twice) (D:2)
  3 iguanas
  10 orc wizards
  A hound zombie (D:5)
  A hound skeleton (D:5)
  A howler monkey zombie (D:6)
  A worker ant zombie (D:4)
  9 adders
  2 howler monkey skeletons
  2 shadow imps
  An adder skeleton (D:5)
  2 worms
  4 leopard geckos
  33 orcs
  7 bats
  8 giant cockroaches
  12 goblins
  7 hobgoblins
  12 jackals
  14 kobolds
  5 quokkas
  2 ball pythons
  9 frilled lizards
  A giant cockroach zombie (D:6)
  A jackal zombie (D:6)
  A quokka zombie (D:8)
  7 rats
  A fungus (Lair:2)
303 creatures vanquished.

Vanquished Creatures (others)
  A fungus (Lair:2)
1 creature vanquished.

Grand Total: 304 creatures vanquished

Notes
Turn   | Place    | Note
-------+----------+-------------------------------------------
     0 | D:1      | Fang the Gargoyle Fighter began the quest for the Orb.
     0 | D:1      | Reached XP level 1. HP: 14/14 MP: 1/1
    24 | D:1      | You fall into a shaft and drop 1 floor!
    94 | D:2      | Reached XP level 2. HP: 15/19 MP: 2/2
   103 | D:2      | Noticed a scorpion
   124 | D:2      | Killed a scorpion
   124 | D:2      | Reached XP level 3. HP: 9/24 MP: 3/3
   124 | D:2      | Reached XP level 4. HP: 11/29 MP: 4/4
   418 | D:2      | Noticed Natasha
   422 | D:2      | Killed Natasha
   424 | D:2      | Noticed Natasha
   429 | D:2      | Killed Natasha
   429 | D:2      | Reached XP level 5. HP: 26/33 MP: 5/5
   481 | D:2      | Found a snail-covered altar of Cheibriados.
  1906 | D:3      | Found a shattered altar of Ashenzari.
  2170 | D:3      | Found an ornate altar of the Wu Jian Council.
  2170 | D:3      | Found a shimmering blue altar of Sif Muna.
  2170 | D:3      | Found a hide-covered altar of Uskayaw.
  2170 | D:3      | Found a shadowy altar of Dithmenos.
  2179 | D:3      | Found a burning altar of Makhleb.
  2183 | D:3      | Found a bloodstained altar of Trog.
  2350 | D:3      | Became a worshipper of Trog the Wrathful
  2471 | D:3      | Reached XP level 6. HP: 29/39 MP: 6/6
  2771 | D:4      | Found a staircase to the Ecumenical Temple.
  2832 | Temple   | Entered the Ecumenical Temple
  3048 | D:4      | Reached skill level 5 in Fighting
  3074 | D:4      | Reached skill level 5 in Armour
  3074 | D:4      | Reached skill level 5 in Shields
  3074 | D:4      | Reached XP level 7. HP: 38/44 MP: 7/7
  3457 | D:5      | Entered Level 5 of the Dungeon
  3487 | D:5      | Found a blossoming altar of Fedhas.
  3488 | D:5      | Found an ancient bone altar of Kikubaaqudgha.
  3874 | D:5      | Paralysed by an orc wizard for 7 turns
  3939 | D:5      | Found a hazy altar of Hepliaklqana.
  3992 | D:5      | Reached XP level 8. HP: 49/51 MP: 8/8
  4037 | D:5      | Found a large runed translucent door.
  4037 | D:5      | Found a large runed translucent door.
  4039 | D:5      | Noticed Aeroq's ghost (novice DrCj)
  4062 | D:5      | Reached * piety under Trog
  4094 | D:5      | Found a hazy altar of Hepliaklqana.
  4465 | D:6      | Noticed Sigmund
  4501 | D:6      | Killed Sigmund
  4932 | D:6      | Noticed a gargoyle
  4934 | D:6      | Reached skill level 5 in Axes
  4951 | D:6      | Killed a gargoyle
  4951 | D:6      | Reached XP level 9. HP: 10/57 MP: 9/9
  5239 | D:6      | Noticed Dowan
  5240 | D:6      | Noticed Duvessa
  5261 | D:6      | Killed Duvessa
  5268 | D:6      | Killed Dowan
  5806 | D:7      | Noticed a cyclops
  5817 | D:7      | Killed a cyclops
  5896 | D:7      | Reached ** piety under Trog
  6112 | D:7      | Found an iron altar of Okawaru.
  6235 | D:7      | Found a radiant altar of Vehumet.
  6502 | D:8      | Noticed Prince Ribbit
  6675 | D:8      | Killed Prince Ribbit
  6675 | D:8      | Reached XP level 10. HP: 38/64 MP: 10/10
  7158 | D:9      | Paralysed by fainting for 10 turns
  7313 | D:9      | Reached *** piety under Trog
  7458 | D:9      | Noticed a death yak
  7459 | D:9      | Found a staircase to the Lair.
  7459 | D:9      | Noticed a death yak
  7459 | D:9      | Noticed a death yak
  7482 | D:8      | Killed a death yak
  7539 | D:9      | Killed a death yak
  7582 | D:8      | Killed a death yak
  7820 | D:9      | Reached XP level 11. HP: 63/72 MP: 11/11
  7843 | D:9      | Found Pas Teti's Jewellery Boutique.
  8089 | D:9      | Found a staircase to the Orcish Mines.
  8089 | D:9      | Found Pywnul's Armour Shop.
  8089 | D:9      | Found Eliapham's Weapon Shop.
  8272 | D:9      | Bought a +0 plate armour of cold resistance for 390 gold
                  | pieces
  8419 | D:9      | Noticed a three-headed hydra
  8433 | D:9      | Reached skill level 10 in Fighting
  8439 | D:9      | Killed a ten-headed hydra
  8439 | D:9      | Reached skill level 10 in Armour
  8439 | D:9      | Reached skill level 10 in Shields
  8613 | D:9      | Reached **** piety under Trog
  8714 | D:10     | Entered Level 10 of the Dungeon
  8729 | D:10     | Noticed a tengu warrior
  8731 | D:10     | Identified the cursed +2 war axe "Xottioc" {drain, rElec
                  | rPois Dex+4}
  8731 | D:10     | Noticed a deep elf mage
  8736 | D:10     | Noticed an orc knight
  8787 | Lair:1   | Entered Level 1 of the Lair of Beasts
  8859 | Lair:1   | Noticed Grum
  8884 | Lair:1   | Killed Grum
 10055 | Lair:2   | Found a staircase to the Snake Pit.
 10199 | Lair:2   | Reached XP level 12. HP: 18/79 MP: 12/12
 10989 | Lair:2   | Noticed a five-headed hydra
 11018 | Lair:2   | Killed a ten-headed hydra
 11268 | Lair:3   | Noticed an eight-headed hydra
 11272 | Lair:3   | Noticed Gastronok
 11281 | Lair:3   | HP: 2/120 [15-headed hydra (7)]
 11281 | Lair:3   | Slain by a 15-headed hydra

Levels and vault maps discovered:
D:1:      dpeg_arrival_radiant, layout_basic
D:2:      layout_basic, overflow_temple_1_default, first_ration, uniq_natasha
D:3:      layout_loops_cross, minmay_overflow_temple_hex, ashenzari_altar_1
D:4:      layout_rooms, minmay_temple_entry_metal_lava
D:5:      layout_loops_ring, grunt_temple_overflow_growth_and_decay,
          kennysheep_mini_moat, basic_altar, ebering_ghost_disaster_area
D:6:      layout_layer_cave, minmay_manual_monolith, uniq_sigmund, uniq_duvessa
D:7:      layout_rooms, vehumet_crystals, marbit_many_paths, kennysheep_doodads
D:8:      layout_cave_pools, uniq_prince_ribbit1
D:9:      layout_basic, dpeg_lair_monsters, orc_david_3, serial_shops, shop,
          hangedman_ranch [blue_anna_fruit_fields]
D:10:     minmay_the_grid_octo_2x2 [minmay_the_grid_octo_chip,
          minmay_the_grid_octo_empty, minmay_the_grid_octo_concentric,
          minmay_the_grid_octo_prize_star], layout_irregular_city, serial_glass,
          glass_columns_b, glass_columns_a, nicolae_island_escapes
Temple:   nicolae_temple_figure_zero
Lair:1:   layout_concentric_octagons, st_stairs_9, minivault_19, uniq_grum
Lair:2:   layout_gridlike, minmay_snake_entry_guardpost_small, special_room
          [special_room_bee], chequers_serial_rivers_large_a,
          minmay_lair_oklob_chamber
Lair:3:   layout_chaotic_city, minmay_swamp_entry_reptiles, uniq_gastronok

Skill      XL: |  1  2  3  4  5  6  7  8  9 10 11 12 |
---------------+-------------------------------------+-----
Axes           | 2 3 4 5 6 7 9 |  9.3
Fighting       | 4 5 7 8 9 10 11 | 11.2
Armour         | 4 5 7 8 9 10 11 | 11.2
Shields        | 4 5 6 8 9 10 11 | 11.2

Action                   |  1- 3 |  4- 6 |  7- 9 | 10-12 || total
-------------------------+-------+-------+-------+-------++-------
Melee: War axe           |    50 |   263 |   425 |   734 ||  1472
Invok: Berserk           |       |       |     3 |    10 ||    13
       Trog's Hand       |       |       |       |     2 ||     2
       Brothers in Arms  |       |       |       |     3 ||     3
  Use: Scroll            |       |     7 |    10 |     8 ||    25
       Potion            |       |       |       |     1 ||     1
  Eat: Chunk             |       |     8 |    15 |    13 ||    36
       Ration            |       |       |       |     7 ||     7
Armor: Scale mail        |    34 |   157 |     5 |       ||   196
       Plate armour      |       |       |   306 |   738 ||  1044
Dodge: Dodged            |    18 |    84 |    83 |   235 ||   420
Block: Shield            |    35 |   153 |   241 |   609 ||  1038
